 Dungeon Crawl Stone Soup version 0.21-a0-41-g5e91fef (webtiles) character file.

25 roguesci the Ruffian (level 2, -3/24 HPs)
             Began as a Draconian Transmuter on June 3, 2017.
             Slain by a gnoll
             ... wielding a +0 spear
              (6 damage)
             ... on level 1 of the Dungeon.
             The game lasted 00:03:40 (1345 turns).

roguesci the Ruffian (Draconian Transmuter)         Turns: 1345, Time: 00:03:41

Health: -3/24      AC:  4    Str: 12    XL:     2   Next: 86%
Magic:  4/5        EV: 12    Int: 13    God:
Gold:   42         SH:  0    Dex: 11    Spells: 4/5 levels left

rFire    . . .     SeeInvis .   i - +2 mace (protect)
rCold    . . .     Gourm    .   (no shield)
rNeg     . . .     Faith    .   (armour unavailable)
rPois    .         Spirit   .   (helmet restricted)
rElec    .         Reflect  .   (no cloak)
rCorr    .         Harm     .   (no gloves)
MR       .....                  (boots currently unavailable)
Stlth    +.........             (no amulet)
Regen    0.1/turn               (no ring)
MPRegen  0.1/turn               (no ring)

@: appendage (expiring)
A: unfitting armour, talons 3, cold-blooded, AC +4
a: End Transformation


You were on level 1 of the Dungeon.
You were not hungry.
You had grown temporary talons.
You visited 1 branch of the dungeon, and saw 2 of its levels.

You collected 42 gold pieces.

Inventory:

Hand Weapons
 d - a +0 dagger of flaming
 i - a +2 mace of protection (weapon)
Missiles
 a - 12 arrows
 g - 48 stones (quivered)
Scrolls
 e - a scroll of amnesia {unknown}
 h - 2 scrolls of identify {unknown}
 j - 3 scrolls of random uselessness {unknown}
 k - a scroll of enchant armour {unknown}
 m - 2 scrolls of teleportation {unknown}
 r - a scroll of remove curse {unknown}
Books
 b - a book of Changes

   Spells                             Type                      Level
   a - Beastly Appendage              Transmutation                1
   b - Sticks to Snakes               Transmutation                2
   c - Spider Form                    Transmutation/Poison         3
   d - Ice Form                       Ice/Transmutation            4
   e - Blade Hands                    Transmutation                5
Comestibles
 c - a bread ration
 f - a royal jelly
 l - 8 fruits
 n - a meat ration


   Skills:
 * Level 1.8 Fighting
 * Level 2.0 Dodging
 + Level 3.2 Unarmed Combat
 * Level 2.3 Spellcasting
 + Level 2.2 Transmutations


You had 4 spell levels left.
You knew the following spells:

 Your Spells              Type           Power        Failure   Level  Hunger
a - Beastly Appendage     Tmut           #.....       10%         1    #......


Dungeon Overview and Level Annotations

Branches:
Dungeon (2/15)

Altars:


Innate Abilities, Weirdness & Mutations

Your plain brown scales are hard. (AC +4)
You cannot fit into any form of body armour.
You are cold-blooded and may be slowed by cold attacks.
You have claws for feet.


Message History

Confirm with . or Enter, or press ? or * to list all spells.
Your feet morph into talons.
The gnoll hits you from afar with a spear.
The gnoll hits you but does no damage.
You sock the gnoll!
Your weapon exudes an aura of protection.
Your kick misses the gnoll.
The gnoll is heavily wounded.
The gnoll misses you. The gnoll closely misses you. The gnoll misses you.
The gnoll barely misses you.
You closely miss the gnoll.
The gnoll is heavily wounded.
The gnoll barely misses you. The gnoll hits you with a spear!
You barely miss the gnoll. You claw the gnoll.
The gnoll is severely wounded.
The gnoll hits you from afar with a spear!
* * * LOW HITPOINT WARNING * * *
The gnoll hits you but does no damage. The gnoll misses you.
The gnoll hits you from afar with a spear.
You die...

#.# #.# ####.#
######################
###....#####..)#.................
...........'...'....>...#########
###.########...#g###.##.# # #.#
#......#g# #.##.# # #.#
#......#.# #.##.# # #.#
#......#@# #.##.# # ###.#
#......#.###.##.# # ....#
########........# #
####################.###### #
#.....................# #
#.##############.####.# # #.....#
#.# #.# # # #.....# #.# #.# # ##
#.....# #.# #.# #


You could see 2 gnolls.

Vanquished Creatures
  3 dart slugs
  A leopard gecko (D:1)
  A giant cockroach (D:2)
  2 hobgoblins (D:1)
  2 frilled lizards (D:2)
  A goblin (D:1)
  4 kobolds
  8 rats
22 creatures vanquished.

Notes
Turn   | Place    | Note
-------+----------+-------------------------------------------
     0 | D:1      | roguesci the Draconian Transmuter began the quest for the Orb.
     0 | D:1      | Reached XP level 1. HP: 16/16 MP: 3/3
   423 | D:1      | Reached XP level 2. HP: 23/23 MP: 5/5
  1345 | D:1      | Slain by a gnoll

Vault maps used:
D:1:      minmay_arrival_stair_chambers
D:2:      eat_drink_and_be_merry_uskayaw, lemuel_doored_altar,
          minmay_surrounded, uniq_robin

Skill      XL: |  1  2 |
---------------+-------+-----
Dodging        | 2 |  2.0
Fighting       | |  1.8
Unarmed Combat | |  3.2
Spellcasting   | |  2.3
Transmutations | |  2.2

Action                   || total
-------------------------++-------
Melee: Unarmed           ||    13
       Mace              ||    31
       Tailslap          ||     6
       Kick              ||     2
 Cast: Beastly Appendage ||     3
  Use: Potion            ||     4
  Eat: Royal jelly       ||     1
Armor: Skin              ||    40
Dodge: Dodged            ||    32
